cohdb
Replays
Latest Replays
All Replays
Popular Replays
Top Player Replays
Match Explorer
How It Works
Community
CoH3 Stats
Reddit
Sign in to upload your games and track your stats! →
Sign in with Steam
Match 38554402
Unlisted
Match 38554402
Overview
Messages
Build Orders
End
Construct Barracks
Construct Weapon Support Center
Selects Armored Battlegroup
Selects Assault Engineers
Assault Engineer Squad
M1919 Machine Gun Team
Assault Engineer Squad
Assault Engineer Squad
Air Support Center
M3 Armored Personnel Carrier
Grasshopper Recon Run
P-47 Strafing Run
P-47 Dive Bomb
Selects Strength in Steel
M3 Armored Personnel Carrier
Air Supply
Assault Engineer Squad
Grasshopper Recon Run
P-47 Strafing Run
M3 Armored Personnel Carrier
Double Sortie
Grasshopper Recon Run
P-47 Strafing Run
Selects M31 Recovery Vehicle
Mortar Pit
M31 Recovery Vehicle
Grasshopper Recon Run
M3 Armored Personnel Carrier
P-47 Strafing Run
Grasshopper Recon Run
P-47 Dive Bomb
해킹당함링크클릭절대X
khj
Zebra
< blank >
SS20132013
Frank H C
飞漩
HoLo
0
0
Comments
sign in to comment!
No comments posted yet!